 Dungeon Crawl Stone Soup version 0.29.1-14-g9c671dbff4 (webtiles) character file.

Game seed: 13241496526150048368

78 javelincjr the Magician (level 4, -1/31 HPs)
             Began as a Djinni Earth Elementalist on Feb 14, 2023.
             Slain by a quokka (4 damage)
             ... on level 2 of the Dungeon.
             The game lasted 00:06:01 (1391 turns).

javelincjr the Magician (Djinni Earth Elementalist) Turns: 1391, Time: 00:06:01

Health: -1/31      AC:  2    Str:  9    XL:     4   Next: 61%
Gold:   28         EV: 12    Int: 17    God:
                   SH:  0    Dex: 13

rFire   + + .      SeeInvis .   e - +2 dagger (vamp)
rCold   x . .      Faith    .   (no shield)
rNeg    . . .      Spirit   .   a - +0 robe
rPois   ∞          Reflect  .   (no helmet)
rElec   .          Harm     .   (no cloak)
rCorr   .          Rampage  .   (no gloves)
Will    .....                   (boots unavailable)
Stlth   ++........              (no amulet)
HPRegen 0.10/turn               (no ring)
MPRegen 0.00/turn               (no ring)

@: flying
A: sickness immunity, fire resistance 2, cold vulnerability 1, float, innate
caster, HP casting, extra vitality 1
a: no special abilities


You were on level 2 of the Dungeon.
You visited 1 branch of the dungeon, and saw 2 of its levels.

You collected 28 gold pieces.

Inventory:

Hand Weapons
 c - a +0 short sword
 e - a +2 vampiric dagger (weapon)
Missiles
 i - 4 poisoned darts
 k - 3 boomerangs
Armour
 a - a +0 robe (worn)
Scrolls
 d - a scroll of enchant weapon {unknown}
 h - a scroll of teleportation {unknown}
 j - a scroll of identify {unknown}
 l - a scroll of silence {unknown}
Potions
 b - a potion of degeneration {unknown}
 f - a potion of attraction {unknown}
 g - a potion of mutation {unknown}


   Skills:
 + Level 0.1 Fighting
 + Level 1.1 Short Blades
 + Level 2.4 Dodging
 + Level 2.2 Stealth
 + Level 3.3 Spellcasting


You couldn't memorise any spells.
You knew the following spells:

 Your Spells              Type           Power      Damage    Failure   Level
a - Sandblast             Erth           28%        2d8       4%          1
b - Passwall              Tmut/Erth      11%        N/A       6%          2
c - Stone Arrow           Conj/Erth      28%        3d8       13%         3
d - Petrify               Tmut/Erth      14%        N/A       38%         4
e - Magic Dart            Conj           56%        1d5       4%          1
Your spell library was empty.

Dungeon Overview and Level Annotations

Branches:
Dungeon (2/15)

Altars:


Innate Abilities, Weirdness & Mutations

You are immune to sickness and miasma.
You are immune to poison.
Your flesh is very heat resistant. (rF++)
You are vulnerable to cold. (rC-)
You float through the air rather than walking.
You learn spells naturally, not from books.
Your magical power is your life essence.
You have superior vitality. (+4 MHP)


Message History

The quokka is severely wounded.
The quokka bites you.
You miss the quokka.
The quokka is severely wounded.
The quokka bites you.
* * * LOW HITPOINT WARNING * * *
You barely miss the quokka.
The quokka is severely wounded.
The quokka closely misses you.
You closely miss the quokka.
The quokka is severely wounded.
The quokka barely misses you.
Unknown command.
You hit the quokka but do no damage.
The quokka is heavily wounded.
The quokka closely misses you.
You closely miss the quokka.
The quokka is heavily wounded.
The quokka barely misses you. The quokka bites you.
* * * LOW HITPOINT WARNING * * *
You hit the quokka.
You feel better.
The quokka is severely wounded.
The quokka bites you.
* * * LOW HITPOINT WARNING * * *
You closely miss the quokka.
The quokka is severely wounded.
The quokka bites you.
* * * LOW HITPOINT WARNING * * *
You closely miss the quokka.
The quokka is severely wounded.
The adder hisses angrily.
The quokka closely misses you.
You closely miss the quokka.
The quokka is severely wounded.
The quokka bites you.
* * * LOW HITPOINT WARNING * * *
You hit the quokka but do no damage.
The quokka is severely wounded.
The quokka bites you.
You die...

........##.# #....
#######....#########...
##..........).......
##..##########....†..
#######.<#########...##....
........#..................
...###.#..#######..........
........#######...######..
....#...r@)).....## ###
##....S)#######.###
.).#).#)###.......###
#####..#.#...###.#...######
#..#.........###.##....
...##g#.....÷# #.##....
..o....)..####.###.##....
.o##...g.........#.##....
#..#...S.####...^.....<


You could see an adder and a quokka.

Vanquished Creatures
  Robin (D:2)
  An adder (D:2)
  3 dart slugs
  5 orcs (D:2)
  2 bats
  4 endoplasms
  4 giant cockroaches
  10 goblins
  4 hobgoblins
  4 kobolds (D:1)
  A frilled lizard (D:1)
  5 rats
44 creatures vanquished.

Notes
Turn   | Place    | Note
-------+----------+-------------------------------------------
     0 | D:1      | javelincjr the Djinni Earth Elementalist began the quest
                  | for the Orb.
     0 | D:1      | javelincjr set off with the following spells memorised:
                  | Sandblast, Passwall, Stone Arrow, Petrify.
     0 | D:1      | Reached XP level 1. HP: 15/15 MP: 0/0
    88 | D:1      | Reached XP level 2. HP: 9/21 MP: 0/0
   513 | D:1      | Found a faded altar of an unknown god.
   632 | D:1      | Reached skill level 3 in Spellcasting
   880 | D:1      | Reached XP level 3. HP: 25/25 MP: 0/0
   880 | D:1      | Learned a level 1 spell: Magic Dart
  1332 | D:2      | Reached XP level 4. HP: 16/31 MP: 0/0
  1356 | D:2      | Noticed Robin
  1368 | D:2      | Killed Robin
  1369 | D:2      | Reached skill level 1 in Short Blades
  1391 | D:2      | Slain by a quokka

Illustrated notes

Levels and vault maps discovered:
D:1:      erik_arrival_blinker_ship, layout_basic, basic_ecumenical_altar
D:2:      layout_rooms, serial_shops, shop, uniq_robin, uniq_natasha

Skill      XL: |  1  2  3  4 |
---------------+-------------+-----
Spellcasting   | 3 |  3.3
Stealth        | 2 |  2.2
Short Blades   | 1 |  1.1
Fighting       | |  0.1
Dodging        | |  2.4

Action                   |  1- 3 |  4- 6 || total
-------------------------+-------+-------++-------
Melee: Dagger            |    52 |    36 ||    88
 Cast: Sandblast         |    22 |    11 ||    33
       Magic Dart        |     2 |       ||     2
 Stab: Sleeping          |     6 |       ||     6
Armor: Robe              |     7 |     5 ||    12
Dodge: Dodged            |    31 |    24 ||    55
